 Dungeon Crawl Stone Soup version 0.31-a0-1066-g35875b34c7 (webtiles) character file.

Game seed: 14350650972040126787

8488 gruber the Destroyer (level 10, -1/86 HPs)
             Began as a Demigod Conjurer on Nov 22, 2023.
             Succumbed to Erica's bolt of poison
             ... on level 8 of the Dungeon.
             The game lasted 00:18:20 (12086 turns).

gruber the Destroyer (Demigod Conjurer)            Turns: 12086, Time: 00:18:21

Health: -1/86      AC:  8    Str:  8    XL:     10   Next: 85%
Magic:  12/23      EV: 14    Int: 32    God:
Gold:   192        SH:  5    Dex: 12    Spells: 12/21 levels left

rFire   . . .        G - +2 dagger (venom)
rCold   . . .        (no shield)
rNeg    . . .        y - +1 robe {Will+}
rPois   .            (no helmet)
rElec   .            f - +0 cloak
rCorr   .            (no gloves)
SInv    .            (no boots)
Will    ++...        w - amulet of reflection
Stlth   ++           l - +4 ring of protection
HPRegen 0.34/turn    D - ring of wizardry
MPRegen 0.18/turn

%: reflection, wizardry (x1)
@: lethally poisoned (-1 -> -10), hasted, very quick
A: high MP 1, forlorn, divine attributes
a: no special abilities


You were on level 8 of the Dungeon.
You visited 1 branch of the dungeon, and saw 8 of its levels.
You also visited: Ossuary.

You collected 408 gold pieces.
You spent 216 gold pieces at shops.

Inventory:

Hand Weapons
 x - a +1 whip of flaming
 A - the +0 spear of Anger {venom, rElec rPois Int-2}
   (You bought it in a shop on level 6 of the Dungeon)

   Int-2:     It affects your intelligence (-2).
   rElec:     It insulates you from electricity.
   rPois:     It protects you from poison
 G - a +2 dagger of venom (weapon)
 J - a +3 spear of freezing
Missiles
 I - 12 poisoned darts
 L - a throwing net
Armour
 f - a +0 cloak (worn)
 y - a +1 robe of willpower (worn)
Jewellery
 l - a +4 ring of protection (left hand)
 w - an amulet of reflection (around neck)
 D - a ring of wizardry (right hand)
 M - an amulet of guardian spirit
 O - a ring of wizardry
Wands
 H - a wand of polymorph (9)
 N - a wand of iceblast (11)
Scrolls
 c - 8 scrolls of teleportation {unknown}
 e - a scroll of fear {unknown}
 g - a scroll of silence {unknown}
 h - a scroll of enchant weapon {unknown}
 m - a scroll of enchant armour {unknown}
 o - a scroll of noise {unknown}
 p - 4 scrolls of fog {unknown}
 s - 2 scrolls of vulnerability {unknown}
 t - 3 scrolls of blinking {unknown}
 u - 2 scrolls of immolation {unknown}
 v - 3 scrolls of identify {unknown}
 z - 2 scrolls of poison {unknown}
 B - 2 scrolls of amnesia {unknown}
 E - a scroll of summoning {unknown}
 K - a scroll of brand weapon {unknown}
Potions
 a - 2 potions of cancellation {unknown}
 b - a potion of magic
 d - 3 potions of heal wounds {unknown}
 i - 2 potions of degeneration {unknown}
 j - 3 potions of haste
 k - 4 potions of mutation {unknown}
 n - 5 potions of curing {unknown}
 q - 3 potions of resistance {unknown}
 r - 3 potions of brilliance {unknown}
 C - a potion of ambrosia {unknown}
 F - a potion of enlightenment {unknown}


   Skills:
 - Level 7.2 Fighting
 - Level 7.0 Dodging
 - Level 1.7 Stealth
 - Level 6.1 Spellcasting
 * Level 11.2 Conjurations


You had 12 spell levels left.
You knew the following spells:

 Your Spells              Type           Power      Damage    Failure   Level
a - Magic Dart            Conj           100%       1d8       1%          1
b - Searing Ray           Conj           100%       2d8       1%          2
c - Blink                 Tloc           18%        N/A       2%          2
d - Iskenderun's Mystic   Conj/Tloc      45%        2d10      1%          4

Your spell library contained the following spells:

 Spells                   Type           Power      Damage    Failure   Level
 Kiss of Death            Conj/Necr      100%       2d13      1%          1
 Dazzling Flash           Conj/Hex       90%        N/A       1%          3
 Fulminant Prism          Conj/Hex       22%        3d12      1%          4
 Call Canine Familiar     Summ           9%         N/A       6%          3
 Confusing Touch          Hex            9%         N/A       6%          3
 Ozocubu's Armour         Ice            9%         N/A       6%          3
 Sigil of Binding         Hex            9%         N/A       6%          3
 Dimensional Bullseye     Hex/Tloc       4%         N/A       17%         4
 Dispel Undead            Necr           9%         3d8       17%         4
 Leda's Liquefaction      Hex/Erth       4%         N/A       17%         4
 Manifold Assault         Tloc           9%         N/A       17%         4
 Olgreb's Toxic Radiance  Pois           9%         N/A       17%         4
 Agony                    Necr           9%         N/A       43%         5
 Metabolic Englaciation   Hex/Ice        4%         N/A       43%         5
 Silence                  Hex/Air        4%         N/A       43%         5
 Simulacrum               Ice/Necr       4%         N/A       93%         6
 Ozocubu's Refrigeration  Ice            4%         4d8       100%        7
 Discord                  Hex            4%         N/A       100%        8
 Ignition                 Fire           4%         3d4       100%        8


Dungeon Overview and Level Annotations

Branches:
Dungeon (8/15)             Temple (0/1) D:6            Lair (0/5) D:8
Ossuary (visited)

Shops:
D:5 :   D:6 ![*


Innate Abilities, Weirdness & Mutations

You have an increased reservoir of magic. (+10% MP)
You shall have no god before yourself.
Your divine heritage dramatically boosts your attributes as you level up.


Message History

A bolt of poison appears from out of thin air!
The bolt of poison hits you!!
You are poisoned.
You feel very sick. The rime drake breathes ice at you.
The icy flash freeze hits you!!
You are encased in ice.
You feel less confused.
You feel very sick.
You feel very sick.
Casting: Searing Ray (safe; 1% risk of failure)
Confirm with . or Enter, or press ? or * to list all spells.
You erupt in a blast of force!
The mystic blast hits the rime drake.
The rime drake is lightly wounded.
The rime drake is knocked back by the mystic blast.
The mystic blast hits something!
You feel sick.
You hear some strange, mumbled words.
A bolt of poison appears from out of thin air!
The bolt of poison hits you!
You are more poisoned.
* * * LOW HITPOINT WARNING * * *
Unknown command.
Unknown command.
Casting: Iskenderun's Mystic Blast (dangerous; 1% risk of failure)
Confirm with . or Enter, or press ? or * to list all spells.
You erupt in a blast of force!
The mystic blast hits the rime drake!
The rime drake is moderately wounded.
The rime drake is knocked back by the mystic blast.
The mystic blast hits something.
Reactivating autopickup.
You feel a bit more experienced. The ice encasing you melts away.
* * * LOW HITPOINT WARNING * * *
You feel very sick.
Unknown command.
Unknown command.
* * * LOW HITPOINT WARNING * * *
You feel very sick.
It was a potion of haste.
You feel yourself speed up.
You die...

##......## ##..## ...##
##....##.# #..##....#
###.....##.# #.....# .#.....##..#
#.k# ###### ........#..## ##..#
##..#.## ............#
##).####......####
#...........####...##...........#
#..######....##....#~............
..## #.......@..~.....#.#~....
..# #.....<.#................ .##
##....#####...........#.. .#
#....)####.....###...#... .##
#......##.....###...#.#.. ..#
###..##...#................
#.#####...####...#..#.....>.....#
##.......## ##..#..~............
##...>..## ##....#.###...###)#


You could see a rime drake.

Vanquished Creatures
  Erica (D:8)
  A boulder beetle (D:7)
  Pikel (D:4)
  A deep elf pyromancer (D:7)
  A cyclops (D:7)
  Maurice (D:8)
  Joseph (D:7)
  An unseen horror (D:7)
  A polar bear (D:8)
  A meliai (D:7)
  Prince Ribbit (D:8)
  A slime creature (D:8)
  Grum (D:8)
  3 steam dragons
  An acid dragon (D:7)
  Duvessa (D:7)
  3 black bears
  A sky beast (D:7)
  3 wolves
  4 ice beasts
  2 phantoms
  2 lemures (D:4)
  Blork the orc (D:5)
  A kobold brigand (D:7)
  A bullfrog (D:8)
  A gnoll sergeant (D:7)
  6 scorpions
  3 water moccasin zombies (Ossuary)
  5 wights (D:7)
  Dowan (D:7)
  7 howler monkeys
  8 orc priests
  2 jellies
  2 gnoll boudas (D:8)
  3 sleepcaps
  5 hounds
  Crazy Yiuf (D:2)
  7 iguanas
  9 orc wizards
  2 mummies (Ossuary)
  15 gnolls
  7 adders
  A shadow imp (D:7)
  A white imp (D:7)
  2 ufetubi (D:6)
  2 adder zombies (Ossuary)
  A worm (D:2)
  5 dart slugs
  28 orcs
  5 endoplasms
  5 giant cockroaches
  2 gnoll zombies (Ossuary)
  7 goblins
  12 hobgoblins
  5 quokkas
  7 ball pythons
  4 bats
  2 frilled lizards
  6 hobgoblin zombies (Ossuary)
  5 kobolds
  8 kobold zombies (Ossuary)
  3 orc zombies (Ossuary)
  4 rats
235 creatures vanquished.

Notes
Turn   | Place    | Note
-------+----------+-------------------------------------------
     0 | D:1      | gruber the Demigod Conjurer began the quest for the Orb.
     0 | D:1      | Reached XP level 1. HP: 14/14 MP: 5/5
   213 | D:1      | Reached skill level 4 in Conjurations
   314 | D:1      | Reached XP level 2. HP: 20/20 MP: 1/7
   673 | D:1      | Learned a level 2 spell: Searing Ray
  1368 | D:2      | Reached XP level 3. HP: 26/26 MP: 6/8
  1575 | D:2      | Reached skill level 5 in Conjurations
  1810 | D:2      | Reached XP level 4. HP: 33/33 MP: 5/9
  1883 | D:2      | Found a runed translucent door.
  1884 | D:2      | Noticed Crazy Yiuf
  2258 | D:2      | Killed Crazy Yiuf
  2738 | D:3      | Reached skill level 6 in Conjurations
  2738 | D:3      | Reached XP level 5. HP: 38/38 MP: 6/10
  2751 | D:3      | Learned a level 2 spell: Blink
  3497 | D:4      | Reached skill level 7 in Conjurations
  3497 | D:4      | Reached XP level 6. HP: 20/45 MP: 0/11
  4402 | D:4      | Noticed Pikel
  4435 | D:4      | Killed Pikel
  4436 | D:4      | Reached skill level 5 in Spellcasting
  4436 | D:4      | Reached XP level 7. HP: 35/50 MP: 2/18
  4593 | D:5      | Entered Level 5 of the Dungeon
  4811 | D:5      | Learned a level 4 spell: Iskenderun's Mystic Blast
  4825 | D:5      | Reached XP level 8. HP: 53/57 MP: 14/20
  4847 | D:5      | Reached skill level 8 in Conjurations
  5246 | D:5      | Noticed Blork the orc
  5259 | D:5      | Killed Blork the orc
  5573 | D:5      | Reached skill level 9 in Conjurations
  5903 | D:5      | Found Wyot Vobe's Book Boutique.
  6025 | D:6      | Found Qippiles's Assorted Antiques.
  6233 | D:6      | Bought a slimy spear for 216 gold pieces
  6233 | D:6      | Identified the +0 spear of Anger {venom, rElec rPois Int-2}
                  | (You bought it in a shop on level 6 of the Dungeon)
  6260 | D:6      | Found a staircase to the Ecumenical Temple.
  6888 | D:6      | Found Soymeaq's Distillery.
  6892 | D:6      | Reached XP level 9. HP: 62/62 MP: 19/22
  6979 | D:6      | Found Tagoitz's Armour Shoppe.
  7106 | D:7      | Reached skill level 5 in Dodging
  7214 | D:7      | Found a sand-covered staircase.
  7307 | Ossuary  | Entered an ossuary
  7742 | D:7      | Noticed Dowan
  7744 | D:7      | Noticed Duvessa
  7754 | D:7      | Killed Dowan
  7755 | D:7      | Killed Duvessa
  7897 | D:7      | Reached skill level 1 in Fighting
  7976 | D:7      | Noticed a purple ugly thing
  7977 | D:7      | Noticed a purple ugly thing
  8210 | D:7      | Noticed a boulder beetle
  8278 | D:8      | Noticed Maurice
  9027 | D:8      | Noticed Erica
  9028 | D:8      | Maurice stole 110 gold
  9033 | D:8      | Maurice stole a ring of wizardry
  9206 | D:7      | Killed a boulder beetle
  9207 | D:7      | Reached skill level 5 in Fighting
  9392 | D:7      | Noticed Joseph
  9400 | D:7      | Killed Joseph
  9401 | D:7      | Reached XP level 10. HP: 83/83 MP: 8/23
  9764 | D:7      | Noticed a deep elf pyromancer
  9773 | D:7      | Killed a deep elf pyromancer
  9941 | D:7      | Noticed a centaur warrior
 10012 | D:7      | Noticed a cyclops
 10016 | D:7      | Killed a cyclops
 10545 | D:8      | Reached skill level 10 in Conjurations
 10612 | D:8      | Noticed Prince Ribbit
 10618 | D:8      | Killed Prince Ribbit
 10651 | D:8      | Identified the +1 scale mail of Orthodoxy {rF+ Dex+4}
 11060 | D:8      | Noticed Grum
 11239 | D:8      | Found a staircase to the Lair.
 11240 | D:8      | Killed Grum
 11301 | D:8      | Something stole a +3 spear of freezing
 11309 | D:8      | Killed Maurice
 11310 | D:8      | Reached skill level 11 in Conjurations
 12084 | D:8      | Killed Erica
 12085 | D:8      | HP: 2/86 [poisoned by Erica (bolt of poison)]
 12086 | D:8      | Succumbed to Erica's bolt of poison

Illustrated notes

Levels and vault maps discovered:
D:1:      elethiomel_arrival_maze, layout_loops_ring, minivault_4
D:2:      layout_basic, uniq_crazy_yiuf_cottage
D:3:      layout_loops_cross, corexii_shack
D:4:      layout_cave_pools, marbit_many_paths, uniq_pikel
D:5:      layout_basic, serial_shops,
          nicolae_shop_temple_entry_statues_fountains, dk_vineyard_3,
          uniq_blork_the_orc
D:6:      layout_basic, minmay_temple_entry_offerings, serial_shops, shop,
          kennysheep_mini, shop
D:7:      nzn_winding_woodlands_large [nzn_winding_woodlands_5x5_cross,
          nzn_winding_woodlands_5x15_sidewinder,
          nzn_winding_woodlands_5x5_perimeter,
          nzn_winding_woodlands_center_triple_pond,
          nzn_winding_woodlands_15x15_thick_spiral,
          nzn_winding_woodlands_center_pierced_h,
          nzn_winding_woodlands_5x5_default,
          nzn_winding_woodlands_5x15_lazy_stream,
          nzn_winding_woodlands_5x5_closed_star], layout_rooms,
          lightli_ossuary_entry_decrepit_ruins, nicolae_fountain_basement,
          uniq_duvessa, uniq_joseph, uniq_menkaure
D:8:      layout_layer_cave, hellmonk_lair_entry_icy, uniq_prince_ribbit1,
          uniq_grum, uniq_maurice, uniq_erica

Skill      XL: |  1  2  3  4  5  6  7  8  9 10 |
---------------+-------------------------------+-----
Conjurations   | 4 5 6 7 9 11 | 11.2
Spellcasting   | 5 6 |  6.1
Dodging        | 4 7 |  7.0
Fighting       | 6 7 |  7.2
Stealth        | |  1.7

Action                     |  1- 3 |  4- 6 |  7- 9 | 10-12 || total
---------------------------+-------+-------+-------+-------++-------
  Melee: Unarmed           |    13 |       |       |       ||    13
         Flail             |       |     7 |       |       ||     7
         Whip              |       |       |    28 |       ||    28
         Dagger            |       |       |    22 |    13 ||    35
  Throw: Dart              |       |       |     4 |    10 ||    14
   Cast: Magic Dart        |    82 |    76 |   115 |    40 ||   313
         Searing Ray       |     1 |    18 |    42 |    32 ||    93
         Iskenderun's Myst |       |       |    39 |    20 ||    59
    Use: Potion            |       |       |     1 |     1 ||     2
   Stab: Sleeping          |       |       |     1 |       ||     1
 Armour: Robe              |     9 |    48 |   100 |    70 ||   227
  Dodge: Dodged            |    11 |    28 |    88 |    51 ||   178
  Block: Other             |       |     5 |    37 |    24 ||    66
         Reflection        |       |       |     2 |     2 ||     4

Table legend: (Time is in decaauts)
 A = Elapsed time spent in this place.
 B = Non-inter-level travel time spent in this place.
 C = Inter-level travel time spent in this place.
 D = Time resting spent in this place.
 E = Time spent auto-exploring this place.
 F = Levels seen in this place.
 G = Mean time per level.
                   A        B        C        D        E       F      G
               +--------+--------+--------+--------+--------+-----+--------+
         Total |  12103 |  11491 |    612 |   1601 |   8261 |   9 | 1344.8 |
       Dungeon |  11686 |  11074 |    612 |   1601 |   7911 |   8 | 1460.8 |
       Ossuary |    417 |    417 |      0 |      0 |    350 |   1 |  417.0 |
               +--------+--------+--------+--------+--------+-----+--------+

Top non-repeatable levels by time:
     D:7: 2112 daAuts
     D:8: 1813 daAuts
     D:6: 1707 daAuts
     D:5: 1402 daAuts
     D:4: 1352 daAuts
     D:1: 1239 daAuts
     D:2: 1100 daAuts
     D:3: 958 daAuts
 Ossuary: 417 daAuts
